 Dungeon Crawl Stone Soup version 0.28-a0-909-g796cbd3a86 (webtiles) character file.

Game seed: 9658770698599423519

29 ytrimaz the Skirmisher (level 3, 8/29 HPs)
             Began as a Demonspawn Fighter on Nov 24, 2021.
             Quit the game on level 2 of the Dungeon.
             The game lasted 00:01:39 (826 turns).

ytrimaz the Skirmisher (Demonspawn Fighter)          Turns: 826, Time: 00:01:40

Health: 8/29       AC:  9    Str: 17    XL:     3   Next: 1%
Magic:  3/3        EV:  6    Int:  9    God:
Gold:   32         SH:  5    Dex: 14    Spells: 2/2 levels left

rFire   . . .      SeeInvis .   a - +0 war axe
rCold   . . .      Faith    .   c - +0 buckler
rNeg    . . .      Spirit   .   f - +0 chain mail
rPois   .          Reflect  .   (no helmet)
rElec   .          Harm     .   (no cloak)
rCorr   .          Rampage  .   (no gloves)
Will    .....                   (no boots)
Stlth   ..........              (no amulet)
HPRegen 0.09/turn               (no ring)
MPRegen 0.08/turn               (no ring)

@: no status effects
A: thin skeletal structure 1
a: no special abilities


You were on level 2 of the Dungeon.
You visited 1 branch of the dungeon, and saw 2 of its levels.

You collected 32 gold pieces.

Inventory:

Hand Weapons
 a - a +0 war axe (weapon)
Missiles
 b - 2 curare-tipped darts
 e - 13 poisoned darts (quivered)
 g - 6 boomerangs of dispersal
Armour
 c - a +0 buckler (worn)
 f - a +0 chain mail (worn)
Scrolls
 h - a scroll of identify {unknown}
Potions
 d - a potion of might
 i - a potion of lignification {unknown}
 j - a potion of heal wounds {unknown}


   Skills:
 + Level 3.3 Fighting
 - Level 1.9 Axes
 - Level 2.8 Armour
 + Level 0.2 Dodging
 * Level 0.5 Stealth
 + Level 3.1 Shields


You had 2 spell levels left.
You didn't know any spells.
Your spell library contained the following spells:

 Spells                   Type           Power      Damage    Failure   Level
 Blink                    Tloc           0%         N/A       100%        2
 Lesser Beckoning         Tloc           0%         N/A       100%        3
 Manifold Assault         Tloc           0%         N/A       100%        5


Dungeon Overview and Level Annotations

Branches:
Dungeon (2/15)

Altars:


Innate Abilities, Weirdness & Mutations

You have a somewhat thin skeletal structure. (Dex +2, Stealth+)


Message History

The ball python grabs you. The ball python constricts you. The worm bites you!
You slash the ball python!
You kill the ball python!
You hit the worm. The worm barely misses you.
You barely miss the worm.
The worm is severely wounded.
The worm bites you.
You are too injured to fight recklessly!
You are too injured to fight recklessly!
You are too injured to fight recklessly!
You are too injured to fight recklessly!
You are too injured to fight recklessly!
You are too injured to fight recklessly!
You are too injured to fight recklessly!
You are too injured to fight recklessly!
You are too injured to fight recklessly!
You are too injured to fight recklessly!
You are too injured to fight recklessly!
You are too injured to fight recklessly!
You are too injured to fight recklessly!
You are too injured to fight recklessly!
You are too injured to fight recklessly!
You are too injured to fight recklessly!
You are too injured to fight recklessly!
You are too injured to fight recklessly!
You are too injured to fight recklessly!
You hit the worm but do no damage.
The worm is severely wounded.
You hit the worm.
The worm is almost dead.
The worm bites you.
* * * LOW HITPOINT WARNING * * *
You hit the worm.
You kill the worm!
You have reached level 3!
Your experience leads to an increase in your attributes!
Increase (S)trength, (I)ntelligence, or (D)exterity?
You feel stronger.
You see here a worm corpse.
Are you sure you want to abandon this character and quit the game? (Confirm with "yes".)

#.# #
####.#..#
..#.#..#
#.#.#..#
.###
...#..#
.....#.....
#....#.#
###...@#.#
.........<#
####....###
##.#.#
#.#.. #..##
. . ##. #.


There were no monsters in sight!

Vanquished Creatures
  A worm (D:2)
  A ball python (D:2)
  2 bats (D:1)
  An endoplasm (D:1)
  A giant cockroach (D:1)
  2 goblins (D:1)
  4 hobgoblins (D:1)
  4 jackals (D:1)
  2 kobolds (D:1)
  3 rats (D:1)
21 creatures vanquished.

Notes
Turn   | Place    | Note
-------+----------+-------------------------------------------
     0 | D:1      | ytrimaz the Demonspawn Fighter began the quest for the Orb.
     0 | D:1      | Reached XP level 1. HP: 18/18 MP: 1/1
   247 | D:1      | Gained mutation: You have a somewhat thin skeletal
                  | structure. (Dex +2, Stealth+) [demonic ancestry]
   247 | D:1      | Reached XP level 2. HP: 18/24 MP: 2/2
   825 | D:2      | Reached XP level 3. HP: 8/29 MP: 3/3
   826 | D:2      | Quit the game

Illustrated notes

Levels and vault maps discovered:
D:1:      heliophobic_arrival_battle_scene, layout_basic, minmay_domino_4
D:2:      layout_loops_ring, serial_shops, nicolae_diamond_shop

Skill      XL: |  1  2 |
---------------+-------+-----
Shields        | 3 |  3.1
Fighting       | |  3.3
Axes           | |  1.9
Armour         | |  2.8
Dodging        | |  0.2
Stealth        | |  0.5

Action                   || total
-------------------------++-------
Melee: War axe           ||    79
  Use: Scroll            ||     1
 Stab: Sleeping          ||     1
Armor: Chain mail        ||    41
Dodge: Dodged            ||    34
Block: Buckler           ||    20

Table legend: (Time is in decaauts)
 A = Elapsed time spent in this place.
 B = Non-inter-level travel time spent in this place.
 C = Inter-level travel time spent in this place.
 D = Time resting spent in this place.
 E = Time spent auto-exploring this place.
 F = Levels seen in this place.
 G = Mean time per level.
                   A        B        C        D        E       F      G
               +--------+--------+--------+--------+--------+-----+--------+
         Total |    860 |    846 |     14 |    141 |    453 |   2 |  430.0 |
       Dungeon |    860 |    846 |     14 |    141 |    453 |   2 |  430.0 |
               +--------+--------+--------+--------+--------+-----+--------+

Top non-repeatable levels by time:
     D:1: 847 daAuts
     D:2: 13 daAuts
